BSA
PLYMOUTH ROCKS @ BAFFIN ISLAND BEAVERS
09/28/2024
 
TOP OF THE 1ST
Plymouth Rocks batting - Pitching for Baffin Island Beavers : LHP Jaime Guzmán
Pitching: LHP Jaime Guzmán
Batting: RHB Ray Yates 0-0: Ball
1-0: Bunt for hit - play at first, batter OUT! 1-3
Batting: RHB António Zúñiga 0-0: Ball
1-0: Ball
2-0: Called Strike
2-1: SINGLE (Line Drive, 7LS)
Batting: LHB Roy Patrick 0-0: Reached on error, E1 (Groundball, 13S)
António Zúñiga to second
Batting: RHB Frederico Hernández 0-0: Foul Ball, location: 2F
0-1: Swinging Strike
0-2: Ball
1-2: Strikes out swinging
Batting: LHB Frank Geddes 0-0: Ball
1-0: Foul Ball, location: 2F
1-1: Fly out, F7 (Line Drive, 7LM)
Top of the 1st over - 0 run(s), 1 hit(s), 1 error(s), 2 left on base; Plymouth 0 - Baffin Island 0
BOTTOM OF THE 1ST
Baffin Island Beavers batting - Pitching for Plymouth Rocks : RHP Scotty Johnson
Pitching: RHP Scotty Johnson
Batting: LHB Chris Bates 0-0: Called Strike
0-1: Foul Ball, location: 2F
0-2: Ball
1-2: Foul Ball, location: 2F
1-2: Foul Ball, location: 2F
1-2: Ground out 6-3 (Groundball, 6)
Batting: LHB Jeff Cole 0-0: SINGLE (Groundball, 4MD)
Batting: SHB Alonso Ferreira 0-0: Called Strike
0-1: Fly out, F2 (Popup, 2R)
Batting: LHB Jerry Bryan 0-0: Ground out 5-3 (Groundball, 5S)
Bottom of the 1st over - 0 run(s), 1 hit(s), 0 error(s), 1 left on base; Plymouth 0 - Baffin Island 0
TOP OF THE 2ND
Plymouth Rocks batting - Pitching for Baffin Island Beavers : LHP Jaime Guzmán
Batting: RHB Dexter Potter 0-0: Swinging Strike
0-1: Ball
1-1: Called Strike
1-2: Strikes out looking
Batting: RHB Jorge Márquez 0-0: Ball
1-0: Ball
2-0: Foul Ball, location: 2F
2-1: Fly out, F6 (Line Drive, 56)
Batting: SHB António Enríquez 0-0: Swinging Strike
0-1: Foul Ball, location: 2F
0-2: Ball
1-2: Ball
2-2: Ground out 5-3 (Groundball, 56)
Top of the 2nd over - 0 run(s), 0 hit(s), 0 error(s), 0 left on base; Plymouth 0 - Baffin Island 0
BOTTOM OF THE 2ND
Baffin Island Beavers batting - Pitching for Plymouth Rocks : RHP Scotty Johnson
Batting: RHB Tony Morton 0-0: Ball
1-0: Ground out 5-3 (Groundball, 5S)
Batting: LHB Keng-chi Lao 0-0: Ball
1-0: Ball
2-0: Called Strike
2-1: Called Strike
2-2: Fly out, F6 (Popup, 6D)
Batting: LHB Ramón Ayala 0-0: Foul Ball, location: 2F
0-1: Ball
1-1: Ground out 6-3 (Groundball, 6)
Bottom of the 2nd over - 0 run(s), 0 hit(s), 0 error(s), 0 left on base; Plymouth 0 - Baffin Island 0
TOP OF THE 3RD
Plymouth Rocks batting - Pitching for Baffin Island Beavers : LHP Jaime Guzmán
Batting: RHB Alberto Ramos 0-0: Swinging Strike
0-1: Called Strike
0-2: Strikes out swinging
Batting: RHB Ray Yates 0-0: Ground out 5-3 (Groundball, 6)
Batting: RHB António Zúñiga 0-0: SINGLE (Groundball, 5D)
Batting: LHB Roy Patrick 0-0: Foul Ball, location: 2F
0-1: Foul Ball, location: 2F
0-2: Strikes out looking
Top of the 3rd over - 0 run(s), 1 hit(s), 0 error(s), 1 left on base; Plymouth 0 - Baffin Island 0
BOTTOM OF THE 3RD
Baffin Island Beavers batting - Pitching for Plymouth Rocks : RHP Scotty Johnson
Batting: RHB Bryan Sandstrom 0-0: Ball
1-0: Called Strike
1-1: Foul Ball, location: 2F
1-2: Foul Ball, location: 2F
1-2: Foul Ball, location: 2F
1-2: Strikes out swinging
Batting: RHB Dave Craig 0-0: Called Strike
0-1: Ball
1-1: Ball
2-1: Foul Ball, location: 2F
2-2: Ball
3-2: Foul Ball, location: 2F
3-2: DOUBLE (Flyball, 89XD)
Batting: LHB Chris Bates 0-0: Called Strike
0-1: Ball
1-1: Ball
2-1: Ball
3-1: Foul Ball, location: 2F
3-2: Foul Ball, location: 2F
3-2: Base on Balls
Batting: LHB Jeff Cole 0-0: Ball
1-0: Called Strike
1-1: Ball
2-1: Ball
3-1: Base on Balls
Dave Craig to third
Chris Bates to second
Batting: SHB Alonso Ferreira 0-0: Ball
1-0: Foul Ball, location: 2F
1-1: Fly out, F8 (Flyball, 8RXD)
Runner from 3rd tags up, SCORES, no throw
Chris Bates to third
Batting: LHB Jerry Bryan 0-0: Swinging Strike
0-1: Ball
1-1: Ball
2-1: Ball
3-1: Base on Balls
Jeff Cole to second
Batting: RHB Tony Morton 0-0: Fly out, F8 (Flyball, 8RD)
Bottom of the 3rd over - 1 run(s), 1 hit(s), 0 error(s), 3 left on base; Plymouth 0 - Baffin Island 1
TOP OF THE 4TH
Plymouth Rocks batting - Pitching for Baffin Island Beavers : LHP Jaime Guzmán
Batting: RHB Frederico Hernández 0-0: Foul Ball, location: 2F
0-1: Swinging Strike
0-2: Ground out 1-3 (Groundball, 15S)
Batting: LHB Frank Geddes 0-0: Ball
1-0: Ball
2-0: Ball
3-0: SINGLE (Flyball, 9LM)
Batting: RHB Dexter Potter 0-0: Ball
1-0: Ball
2-0: Grounds into double play, 6-4-3 (Groundball, 6)
Top of the 4th over - 0 run(s), 1 hit(s), 0 error(s), 0 left on base; Plymouth 0 - Baffin Island 1
BOTTOM OF THE 4TH
Baffin Island Beavers batting - Pitching for Plymouth Rocks : RHP Scotty Johnson
Batting: LHB Keng-chi Lao 0-0: Ball
1-0: Ball
2-0: Ball
3-0: Called Strike
3-1: Fly out, F3 (Popup, 34S)
Batting: LHB Ramón Ayala 0-0: Called Strike
0-1: Swinging Strike
0-2: Ball
1-2: Foul Ball, location: 2F
1-2: Ball
2-2: Ground out 5-3 (Groundball, 5S)
Batting: RHB Bryan Sandstrom 0-0: Ball
1-0: Swinging Strike
1-1: Ground out 6-3 (Groundball, 6)
Bottom of the 4th over - 0 run(s), 0 hit(s), 0 error(s), 0 left on base; Plymouth 0 - Baffin Island 1
TOP OF THE 5TH
Plymouth Rocks batting - Pitching for Baffin Island Beavers : LHP Jaime Guzmán
Batting: RHB Jorge Márquez 0-0: Called Strike
0-1: Fly out, F8 (Flyball, 8RM)
Batting: SHB António Enríquez 0-0: Ball
1-0: Called Strike
1-1: Ground out 4-3 (Groundball, 4)
Batting: RHB Alberto Ramos 0-0: Ball
1-0: Fly out, F4 (Line Drive, 4)
Top of the 5th over - 0 run(s), 0 hit(s), 0 error(s), 0 left on base; Plymouth 0 - Baffin Island 1
BOTTOM OF THE 5TH
Baffin Island Beavers batting - Pitching for Plymouth Rocks : RHP Scotty Johnson
Batting: RHB Dave Craig 0-0: Ball
1-0: DOUBLE (Flyball, 8LD)
Batting: LHB Chris Bates 0-0: Ground out 5-3 (Groundball, 56)
Batting: LHB Jeff Cole 0-0: Ball
1-0: Foul Ball, location: 2F
1-1: Ball
2-1: Ball
3-1: Ground out 4-3 (Groundball, 4)
Dave Craig to third
Batting: SHB Alonso Ferreira 0-0: Ball
1-0: Ball
2-0: Called Strike
2-1: Called Strike
2-2: Ball
3-2: Foul Ball, location: 2F
3-2: Foul Ball, location: 2F
3-2: Foul Ball, location: 2F
3-2: Ground out 4-3 (Groundball, 13)
Bottom of the 5th over - 0 run(s), 1 hit(s), 0 error(s), 1 left on base; Plymouth 0 - Baffin Island 1
TOP OF THE 6TH
Plymouth Rocks batting - Pitching for Baffin Island Beavers : LHP Jaime Guzmán
Batting: RHB Ray Yates 0-0: Called Strike
0-1: Swinging Strike
0-2: Ball
1-2: Ball
2-2: Strikes out swinging
Batting: RHB António Zúñiga 0-0: Called Strike
0-1: Foul Ball, location: 2F
0-2: Foul Ball, location: 2F
0-2: Ball
1-2: Ball
2-2: SINGLE (Flyball, 78S)
Batting: LHB Roy Patrick 0-0: Called Strike
0-1: Swinging Strike
0-2: Ball
1-2: Strikes out swinging
Batting: RHB Frederico Hernández 0-0: Ball
1-0: SINGLE (Groundball, 6MD)
António Zúñiga to second
Batting: LHB Frank Geddes 0-0: Called Strike
0-1: Called Strike
0-2: Ground out 4-3 (Groundball, 4)
Top of the 6th over - 0 run(s), 2 hit(s), 0 error(s), 2 left on base; Plymouth 0 - Baffin Island 1
BOTTOM OF THE 6TH
Baffin Island Beavers batting - Pitching for Plymouth Rocks : RHP Scotty Johnson
Batting: LHB Jerry Bryan 0-0: Called Strike
0-1: Ball
1-1: DOUBLE (Line Drive, 8LD)
Batting: RHB Tony Morton 0-0: Ball
Wild Pitch!
Jerry Bryan to third
1-0: Ground out 5-3 (Groundball, 56S)
Batting: LHB Keng-chi Lao 0-0: Foul Ball, location: 2F
0-1: SINGLE (Flyball, 7LS)
Jerry Bryan scores
Batting: LHB Ramón Ayala 0-0: Ball
1-0: Ball
2-0: Foul Ball, location: 2F
2-1: Ball
3-1: Fielders Choice at 2nd, 5-4 (Groundball, 56)
Batting: RHB Bryan Sandstrom 0-0: Called Strike
0-1: Ball
1-1: Ball
2-1: Fly out, F4 (Popup, 4D)
Bottom of the 6th over - 1 run(s), 2 hit(s), 0 error(s), 1 left on base; Plymouth 0 - Baffin Island 2
TOP OF THE 7TH
Plymouth Rocks batting - Pitching for Baffin Island Beavers : LHP Jaime Guzmán
Batting: RHB Dexter Potter 0-0: SINGLE (Groundball, 4MD)
Batting: RHB Jorge Márquez 0-0: Ball
1-0: Bunted foul
1-1: Bunted foul
1-2: Fly out, F8 (Flyball, 8LS)
Batting: SHB António Enríquez 0-0: Foul Ball, location: 2F
0-1: Ball
1-1: Ground out 5-3 (Groundball, 5)
Dexter Potter to second
Batting: RHB Alberto Ramos 0-0: SINGLE (Groundball, 6D)
Dexter Potter to third
Runner from 3rd tries for Home, SAFE, throw made home
Pinch Hitting: RHB Kelly Owens 0-0: Ground out 6-3 (Groundball, 6)
Top of the 7th over - 1 run(s), 2 hit(s), 0 error(s), 1 left on base; Plymouth 1 - Baffin Island 2
BOTTOM OF THE 7TH
Baffin Island Beavers batting - Pitching for Plymouth Rocks : RHP Scotty Johnson
Pitching: RHP Erik Estes
Now at SS: Yoshinori Sasaki
Batting: RHB Dave Craig 0-0: Foul Ball, location: 2F
0-1: Ball
1-1: Fly out, F7 (Line Drive, 78M)
Pitching: LHP Takaaki Omori
Batting: LHB Chris Bates 0-0: Foul Ball, location: 2F
0-1: Ball
1-1: Called Strike
1-2: Strikes out swinging
Pitching: LHP Orlando Díaz
Batting: LHB Jeff Cole 0-0: Ball
1-0: Ball
2-0: Foul Ball, location: 2F
2-1: Ground out 4-3 (Groundball, 34)
Bottom of the 7th over - 0 run(s), 0 hit(s), 0 error(s), 0 left on base; Plymouth 1 - Baffin Island 2
TOP OF THE 8TH
Plymouth Rocks batting - Pitching for Baffin Island Beavers : LHP Jaime Guzmán
Pitching: RHP Eduardo Ramos
Batting: RHB António Zúñiga 0-0: Ball
1-0: Foul Ball, location: 2F
1-1: Ball
2-1: Called Strike
2-2: Ground out 5-3 (Groundball, 5)
Pitching: LHP Thomas Heath
Batting: LHB Roy Patrick 0-0: Foul Ball, location: 2F
0-1: Foul Ball, location: 2F
0-2: Ball
1-2: Strikes out swinging
Pitching: RHP Bartolo García
Batting: RHB Frederico Hernández 0-0: Ball
1-0: Foul Ball, location: 2F
1-1: Ground out 5-3 (Groundball, 5L)
Top of the 8th over - 0 run(s), 0 hit(s), 0 error(s), 0 left on base; Plymouth 1 - Baffin Island 2
BOTTOM OF THE 8TH
Baffin Island Beavers batting - Pitching for Plymouth Rocks : LHP Orlando Díaz
Batting: SHB Alonso Ferreira 0-0: Ground out 6-3 (Groundball, 56)
Batting: LHB Jerry Bryan 0-0: Foul Ball, location: 2F
0-1: Called Strike
0-2: Ball
1-2: Foul Ball, location: 2F
1-2: Ground out 4-3 (Groundball, 4M)
Batting: RHB Tony Morton 0-0: Called Strike
0-1: Ball
1-1: Swinging Strike
1-2: Fly out, F4 (Line Drive, 4)
Bottom of the 8th over - 0 run(s), 0 hit(s), 0 error(s), 0 left on base; Plymouth 1 - Baffin Island 2
TOP OF THE 9TH
Plymouth Rocks batting - Pitching for Baffin Island Beavers : RHP Bartolo García
Pitching: LHP Manny Sandoval
Batting: LHB Frank Geddes 0-0: Called Strike
0-1: Ball
1-1: Swinging Strike
1-2: Ball
2-2: Ground out 6-3 (Groundball, 6M)
Batting: RHB Dexter Potter 0-0: Ground out 4-3 (Groundball, 4M)
Pinch Hitting: RHB Tadakuni Sugiyama 0-0: Called Strike
0-1: Ground out 4-3 (Groundball, 4M)
Top of the 9th over - 0 run(s), 0 hit(s), 0 error(s), 0 left on base; Plymouth 1 - Baffin Island 2
This league is powered by Out of the Park Baseball, the baseball management simulation game for PC, Mac and Linux
Saturday, April 9th, 2016 - OOTP Baseball 16.8 Build 38